 Dungeon Crawl Stone Soup version 0.27.1-1-g398f81649c (webtiles) character file.

Game seed: 8480024063232458235

19028 Destapler the Fighter (level 12, -4/123 HPs)
             Began as a Troll Fighter on Sept 7, 2021.
             Was the Champion of Cheibriados.
             Slain by a seven-headed hydra (12 damage)
             ... on level 1 of the Lair of Beasts on Sept 8, 2021.
             The game lasted 00:29:25 (10273 turns).

Destapler the Fighter (Troll Fighter)              Turns: 10273, Time: 00:29:26

Health: -4/123     AC:  9    Str: 46    XL:     12   Next: 32%
Magic:  11/14      EV: 13    Int: 29    God:    Cheibriados [******]
Gold:   823        SH: 20    Dex: 24    Spells: 11/11 levels left

rFire    . . .     SeeInvis .   t - +2 mace (vorpal)
rCold    . . .     Faith    .   c - +0 kite shield
rNeg     . . .     Spirit   .   M - +0 troll leather armour
rPois    +         Reflect  +   L - +1 hat {Int+3}
rElec    +         Harm     .   P - +0 cloak
rCorr    .         Rampage  .   (gloves unavailable)
Will     +....                  (boots unavailable)
Stlth    ++........             r - amulet of reflection
HPRegen  2.30/turn              a - ring "Osseobac" {Fly rElec rPois Int+7}
MPRegen  0.14/turn              l - ring of willpower

@: flying, very slow
A: large, unfitting armour, claws 3, regeneration 1, shaggy fur 1, tough skin 1
a: Renounce Religion, Bend Time, Temporal Distortion, Slouch, Step From Time


You were on level 1 of the Lair of Beasts.
You worshipped Cheibriados.
Cheibriados was exalted by your worship.
You visited 2 branches of the dungeon, and saw 13 of its levels.

You collected 823 gold pieces.

Inventory:

Hand Weapons
 t - a +2 vorpal mace (weapon)
 S - the +7 hand axe of Infinite Pain {freeze, MP+9}
   (You took it off a centaur on level 11 of the Dungeon)

   It freezes those it strikes, dealing additional cold damage.
   It can also slow down cold-blooded creatures.
   MP:        It affects your magic capacity (+9).
Missiles
 b - 2 atropa-tipped darts
 p - 27 poisoned darts (quivered)
 x - 15 boomerangs
 I - a curare-tipped dart
 Q - 9 large rocks
Armour
 c - a +0 kite shield (worn)
 H - +0 steam dragon scales
 L - a +1 hat of intelligence (worn)
 M - a +0 troll leather armour (worn)
 P - a +0 cloak (worn)
Jewellery
 a - the ring "Osseobac" (left claw) {Fly rElec rPois Int+7}
   (You found it on level 9 of the Dungeon)

   [ring of flight]

   Int:       It affects your intelligence (+7).
   rElec:     It insulates you from electricity.
   rPois:     It protects you from poison.
   Fly:       It grants you flight.
 l - a ring of willpower (right claw)
 q - a ring of resist corrosion
 r - an amulet of reflection (around neck)
 w - an amulet of regeneration
Wands
 d - a wand of iceblast (3)
 n - a wand of polymorph (1)
 s - a wand of digging (4)
 v - a wand of mindburst (20)
 y - a wand of flame (32)
 D - a wand of paralysis (9)
Scrolls
 e - 10 scrolls of identify {unknown}
 f - 2 scrolls of magic mapping {unknown}
 g - 2 scrolls of torment {unknown}
 h - 3 scrolls of enchant weapon {unknown}
 i - a scroll of acquirement {unknown}
 j - a scroll of noise {unknown}
 k - a scroll of brand weapon {unknown}
 z - a scroll of immolation {unknown}
 A - 2 scrolls of teleportation {unknown}
 E - a scroll of enchant armour {unknown}
 F - a scroll of fog {unknown}
 G - 4 scrolls of blinking {unknown}
 J - a scroll of holy word {unknown}
 K - a scroll of amnesia {unknown}
 N - a scroll of silence {unknown}
 O - a scroll of fear {unknown}
Potions
 m - 4 potions of curing
 o - 4 potions of lignification
 u - 2 potions of flight
 B - 3 potions of attraction
 C - a potion of magic
 R - a potion of brilliance


   Skills:
 - Level 9.0 Fighting
 - Level 7.4 Maces & Flails
 + Level 4.9 Throwing
 + Level 4.5 Armour
 + Level 5.2 Dodging
 - Level 9.0 Shields
 + Level 4.9 Invocations
 + Level 4.1 Evocations


You had 11 spell levels left.
You didn't know any spells.
Your spell library contained the following spells:

 Spells                   Type           Power      Damage    Failure   Level
 Corona                   Hex            0%         N/A       11%         1
 Magic Dart               Conj           0%         1d3       11%         1
 Sandblast                Erth           0%         2d4       11%         1
 Summon Small Mammal      Summ           0%         N/A       11%         1
 Call Imp                 Summ           0%         N/A       17%         2
 Searing Ray              Conj           0%         3d3       17%         2
 Gell's Gravitas          Tloc           0%         N/A       32%         3
 Lesser Beckoning         Tloc           0%         N/A       32%         3
 Mephitic Cloud           Conj/Pois/Air  0%         N/A       32%         3
 Teleport Other           Tloc           0%         N/A       32%         3
 Fulminant Prism          Conj/Hex       0%         3d6       73%         4
 Iskenderun's Mystic Bla  Conj/Tloc      0%         2d3       73%         4
 Lee's Rapid Deconstruct  Erth           0%         3d5*      97%         5


Dungeon Overview and Level Annotations

Branches:
Dungeon (12/15)            Temple (0/1) D:5            Lair (1/6) D:9
    Orc (0/2) D:10

Altars:
Cheibriados
Fedhas
Kikubaaqudgha
Makhleb
Ru
Sif Muna
Uskayaw
Wu Jian
Xom
The Shining One

Shops:
D:5 *   D:8 (

Annotations:
D:11 1 runed translucent door, brob1's ghost, journeyman DjFE


Innate Abilities, Weirdness & Mutations

You are too large for most types of armour.
You have claws for hands.
Your natural rate of healing is unusually fast.
You are covered in fur. (AC +1)
You have tough skin. (AC +1)


Message History

You block the seven-headed hydra's attack. x2
The seven-headed hydra bites you!
* * * LOW HITPOINT WARNING * * *
The seven-headed hydra bites you!
* * * LOW HITPOINT WARNING * * *
The seven-headed hydra bites you but does no damage.
You block the seven-headed hydra's attack. x2
Okay, then.
The flow of time bends around you.
The seven-headed hydra resists with some effort.
The seven-headed hydra looks more healthy.
The seven-headed hydra bites you.
* * * LOW HITPOINT WARNING * * *
The seven-headed hydra closely misses you.
You block the seven-headed hydra's attack.
The seven-headed hydra bites you.
* * * LOW HITPOINT WARNING * * *
You block the seven-headed hydra's attack.
The seven-headed hydra closely misses you.
You block the seven-headed hydra's attack.
You are too injured to fight recklessly!
You sock the seven-headed hydra!
The seven-headed hydra is almost dead.
You block the seven-headed hydra's attack. x3
The seven-headed hydra bites you but does no damage.
The seven-headed hydra bites you!
* * * LOW HITPOINT WARNING * * *
The seven-headed hydra bites you!
* * * LOW HITPOINT WARNING * * *
The seven-headed hydra bites you.
* * * LOW HITPOINT WARNING * * *
You feel better.
You block the seven-headed hydra's attack. x2
The seven-headed hydra barely misses you.
You block the seven-headed hydra's attack.
The seven-headed hydra bites you!
* * * LOW HITPOINT WARNING * * *
You block the seven-headed hydra's attack.
The seven-headed hydra bites you!
You die...

. ..# #.## .# ##.#.#
###... ..
#P.#.###....# ###.
##...##...... ...
#####.#.##.#...8 #.(
#.............†. ##.>
#.......####.#.#
##..D##..##.#.#####...
#....@............####
##...#...#...########.
###.##...#..# #P.
#.....##.## ###
###.#..#.# # .........
....## .....#.......
...... #.#####...#.##
#...#. # #.#.#.P#
#.....


You could see a seven-headed hydra.

Vanquished Creatures
  Gastronok (D:9)
  A hydra (D:11)
  A boulder beetle (D:11)
  3 two-headed ogres
  2 cyclopes (D:11)
  A manticore (D:11)
  5 centaur zombies
  Maurice (D:8)
  A black mamba (Lair:1)
  An unseen horror (D:6)
  Maggie (D:7)
  3 komodo dragons
  3 trolls
  Sigmund (D:3)
  5 wyverns (D:9)
  A shadow (D:12)
  19 yaks
  A steam dragon (D:9)
  8 water moccasins
  7 orc warriors
  A sky beast (D:5)
  3 black bears
  3 ogres
  6 centaurs
  A lemure (D:5)
  A kobold brigand (D:7)
  2 bullfrogs
  6 scorpions
  2 water moccasin zombies
  A wyvern zombie (D:6)
  10 killer bees
  3 howler monkeys
  2 jellies (D:5)
  5 hounds
  A bullfrog zombie (D:6)
  A gnoll shaman (D:5)
  7 orc priests
  A centaur skeleton (D:5)
  A bullfrog skeleton (D:7)
  Ijyb (D:5)
  Natasha (thrice) (D:2)
  6 iguanas
  16 orc wizards
  2 killer bee zombies
  A hound skeleton (D:5)
  2 howler monkey zombies
  A howler monkey skeleton (D:6)
  8 gnolls (D:5)
  6 adders
  3 white imps
  A worm (D:5)
  3 dart slugs
  42 orcs
  6 endoplasms
  5 giant cockroaches
  10 goblins
  10 hobgoblins
  4 jackals (D:2)
  13 kobolds
  5 quokkas
  6 ball pythons
  2 bats
  6 frilled lizards
  5 rats
290 creatures vanquished.

Vanquished Creatures (others)
  An orc wizard (D:6)
  3 bushes (D:9)
  2 fungi (D:9)
  26 plants (D:9)
32 creatures vanquished.

Grand Total: 322 creatures vanquished

Notes
Turn   | Place    | Note
-------+----------+-------------------------------------------
     0 | D:1      | Destapler the Troll Fighter began the quest for the Orb.
     0 | D:1      | Reached XP level 1. HP: 22/22 MP: 0/0
   269 | D:1      | Reached XP level 2. HP: 25/29 MP: 1/1
   661 | D:2      | Reached XP level 3. HP: 37/37 MP: 2/2
   977 | D:2      | Noticed Natasha
   993 | D:2      | Killed Natasha
   994 | D:2      | Reached XP level 4. HP: 19/45 MP: 3/3
  1294 | D:2      | Noticed Natasha
  1316 | D:2      | Killed Natasha
  1336 | D:2      | Noticed Natasha
  1355 | D:2      | Killed Natasha
  1356 | D:2      | Reached XP level 5. HP: 47/54 MP: 4/4
  1465 | D:3      | Found a snail-covered altar of Cheibriados.
  1502 | D:3      | Found a faded altar of an unknown god.
  1514 | D:3      | Became a worshipper of Cheibriados the Contemplative
  1514 | D:3      | Reached * piety under Cheibriados
  1627 | D:3      | Noticed Sigmund
  1649 | D:3      | Killed Sigmund
  1650 | D:3      | Reached XP level 6. HP: 43/63 MP: 5/5
  2074 | D:4      | Reached ** piety under Cheibriados
  2138 | D:4      | Reached skill level 5 in Fighting
  2138 | D:4      | Reached skill level 5 in Shields
  2138 | D:4      | Reached XP level 7. HP: 63/72 MP: 6/6
  2400 | D:4      | Found an ornate altar of the Wu Jian Council.
  2725 | D:5      | Entered Level 5 of the Dungeon
  2725 | D:5      | Noticed Grinder
  2726 | D:5      | Noticed Grinder
  2726 | D:5      | Grinder changed into Grinder the lemure
  2736 | D:5      | Killed Grinder the lemure
  2822 | D:5      | Reached *** piety under Cheibriados
  2886 | D:5      | Reached XP level 8. HP: 48/83 MP: 7/7
  3102 | D:5      | Found a staircase to the Ecumenical Temple.
  3447 | D:5      | Found Beutif Uclua's General Store.
  3934 | D:5      | Noticed Ijyb
  3943 | D:5      | Killed Ijyb
  4227 | D:6      | Reached **** piety under Cheibriados
  4520 | D:6      | Killed an unseen horror
  4521 | D:6      | Reached XP level 9. HP: 38/93 MP: 8/8
  4935 | D:6      | Found a shimmering blue altar of Sif Muna.
  5195 | D:6      | Got Sif Muna's Incunabulum of Clay
  5197 | D:6      | Got Sif Muna's Incunabulum of Summoning
  5199 | D:6      | Got Sif Muna's Almanac of Bewitchment
  5810 | D:7      | Noticed Maggie
  5823 | D:7      | Killed Maggie
  5824 | D:7      | Reached skill level 5 in Maces & Flails
  6092 | D:7      | Found a hide-covered altar of Uskayaw.
  6280 | D:8      | Found Oppacleh's Antique Weapon Boutique.
  6332 | D:8      | Reached XP level 10. HP: 91/104 MP: 9/9
  6348 | D:8      | Reached ***** piety under Cheibriados
  6456 | D:8      | Noticed Maurice
  6471 | D:8      | Killed Maurice
  7087 | D:9      | Noticed Gastronok
  7107 | D:9      | Killed Gastronok
  7153 | D:9      | Identified the ring "Osseobac" {Fly rElec rPois Int+7}
  7373 | D:9      | Reached skill level 1 in Invocations
  7381 | D:9      | Reached skill level 1 in Throwing
  7390 | D:9      | Reached skill level 1 in Armour
  7394 | D:9      | Reached skill level 1 in Evocations
  7402 | D:9      | Reached XP level 11. HP: 115/115 MP: 9/11
  7444 | D:9      | Found a staircase to the Lair.
  8039 | D:9      | Reached ****** piety under Cheibriados
  8117 | D:10     | Entered Level 10 of the Dungeon
  8130 | D:10     | Noticed a two-headed ogre
  8164 | D:9      | Killed a two-headed ogre
  8387 | D:10     | Found a blossoming altar of Fedhas.
  8480 | D:10     | Found a sacrificial altar of Ru.
  8481 | D:10     | Found a burning altar of Makhleb.
  8482 | D:10     | Found an ancient bone altar of Kikubaaqudgha.
  8496 | D:10     | Found a glowing golden altar of the Shining One.
  8662 | D:10     | Found a staircase to the Orcish Mines.
  8739 | D:10     | Noticed a two-headed ogre
  8750 | D:10     | Killed a two-headed ogre
  8975 | D:11     | Noticed a two-headed ogre
  8987 | D:11     | Killed a two-headed ogre
  9235 | D:11     | Noticed a boulder beetle
  9254 | D:11     | Killed a boulder beetle
  9314 | D:11     | Reached XP level 12. HP: 108/123 MP: 14/14
  9362 | D:11     | Found a runed translucent door.
  9362 | D:11     | Found a shimmering altar of Xom.
  9362 | D:11     | Noticed brob1's ghost (journeyman DjFE)
  9696 | D:11     | Identified the +7 hand axe of Infinite Pain {freeze, MP+9}
  9906 | D:12     | Noticed an eight-headed hydra
  9921 | D:11     | Killed an eight-headed hydra
  9922 | D:11     | Reached skill level 5 in Dodging
  9973 | D:12     | Noticed a two-headed ogre
 10104 | Lair:1   | Entered Level 1 of the Lair of Beasts
 10260 | Lair:1   | Noticed a seven-headed hydra
 10272 | Lair:1   | HP: 4/123 [seven-headed hydra (8)]
 10273 | Lair:1   | Slain by a seven-headed hydra

Illustrated notes

Levels and vault maps discovered:
D:1:      lightli_arrival_boilingwater, layout_loops_ring,
          grunt_decor_resistance, roderic_malta_cross
D:2:      layout_basic, minmay_door_square, uniq_natasha
D:3:      layout_rooms, cheibriados_altar_1, dreamdust_ecumenical_altar_statues,
          minmay_misc_feat_four_crosses, minmay_parallelograms, minivault_11,
          uniq_sigmund
D:4:      layout_basic, kennysheep_mini_moat, minivault_26
D:5:      layout_layer_cave, minmay_temple_entry_glass, serial_shops, shop,
          minmay_bent, uniq_grinder, uniq_ijyb
D:6:      layout_cave_pools, nicolae_sif_muna_little_library,
          grunt_ministairs_9, eino_small_chamber_without_monster
D:7:      layout_basic, nicolae_uskayaw_dance_hall, serial_rivers,
          chequers_serial_rivers_marsh, chequers_serial_rivers_room_b,
          chequers_serial_rivers_micro_c, chequers_serial_rivers_micro_e,
          st_stairs_4, kennysheep_generic_room_10, uniq_maggie
D:8:      layout_basic, serial_shops, nicolae_shop_stone, uniq_maurice
D:9:      layout_loops_corners, minmay_lair_entry_grove, minmay_lizard_king,
          uniq_gastronok
D:10:     layout_basic, grunt_temple_overflow_open,
          nicolae_overflow_hidden_temple, david_orc_4
D:11:     layout_cave_pods, ebering_ghost_xom
D:12:     minmay_the_grid_four_pointed_star_mashed
          [minmay_the_grid_triangle_9x9_alien,
          minmay_the_grid_triangle_9x9_subtriangle,
          minmay_the_grid_triangle_9x9_checkered,
          minmay_the_grid_triangle_9x9_steps,
          minmay_the_grid_prize_inner_circle], layout_cave_pools,
          grunt_ministairs_2
Lair:1:   layout_loops_ring, minmay_shattered_shrine, grunt_megastairs_1

Skill      XL: |  1  2  3  4  5  6  7  8  9 10 11 12 |
---------------+-------------------------------------+-----
Fighting       | 3 4 5 6 7 8 9 |  9.0
Shields        | 3 4 5 6 7 8 9 |  9.0
Maces & Flails | 4 6 7 |  7.4
Invocations    | 1 4 |  4.9
Throwing       | 1 4 |  4.9
Armour         | 1 3 4 |  4.5
Evocations     | 1 3 4 |  4.1
Dodging        | 4 5 |  5.2

Action                   |  1- 3 |  4- 6 |  7- 9 | 10-12 || total
-------------------------+-------+-------+-------+-------++-------
Melee: Flail             |   114 |   149 |    40 |       ||   303
       Unarmed           |       |     3 |       |       ||     3
       Mace              |       |       |   389 |   610 ||   999
Throw: Dart              |       |       |    10 |    22 ||    32
Invok: Temporal Distorti |       |       |     1 |       ||     1
       Bend Time         |       |       |       |     3 ||     3
Evoke: Wand              |       |       |     2 |       ||     2
  Use: Potion            |       |       |     9 |     2 ||    11
 Stab: Sleeping          |       |       |     2 |     1 ||     3
Armor: Robe              |    42 |    45 |   110 |       ||   197
       Skin              |       |       |     7 |       ||     7
       Steam dragon scal |       |       |    40 |    85 ||   125
       Troll leather arm |       |       |       |    85 ||    85
Dodge: Dodged            |    52 |    53 |   202 |   270 ||   577
Block: Kite shield       |    78 |    80 |   407 |   646 ||  1211
       Reflection        |       |       |       |    18 ||    18
